Demolitions vs Inferno
Created - February 13, 2021 at 04:46
Goals
|
| Demolitions |
1 |
2 |
0 |
3 |
| Inferno |
2 |
3 |
1 |
6 |
|
Shots
|
| Demolitions |
9 |
10 |
12 |
31 |
| Inferno |
11 |
15 |
7 |
33 |
|
1st period
1. Inferno , Ryan Spooner 14 (Esa Lindell 39, Victor Rask 23) at 9:05
2. Inferno , Vladimir Sobotka 6 (Esa Lindell 40) at 11:43 (PP)
3. Demolitions , Taylor Beck 30 (J.T. Brown 43) at 14:40
Penalties :
J.T. Brown (Vic) for Tripping (Minor) at 11:37
2nd period
4. Inferno , Philip Varone 30 (Matthew Nieto 15, Kevin Labanc 36) at 4:51
5. Demolitions , Michael Ferland 8 (Colton Gillies 12, Mitch Callahan 3) at 11:23
6. Demolitions , Phil McRae 18 (Taylor Beck 30, J.T. Brown 44) at 14:39 (PP)
7. Inferno , Philip Varone 31 (Kevin Labanc 37) at 15:14
8. Inferno , Kevin Labanc 20 (Philip Varone 26) at 17:54
Penalties :
Greg Pateryn (Anc) for Hooking (Minor) at 1:08, Colton Gillies (Vic) for Hooking (Minor) at 7:10, Victor Rask (Anc) for Roughing (Minor) at 14:23, Esa Lindell (Anc) for Cross-checking (Minor) at 15:26, J.T. Brown (Vic) for Tripping (Minor) at 19:31
3rd period
9. Inferno , Philip Varone 32 (Kevin Labanc 38, Matthew Nieto 16) at 13:23
Penalties :
Michael Hutchinson (Anc) for Slashing (Minor) at 4:16 - Vladimir Sobotka served the penalty, Vladimir Sobotka (Anc) for Slashing (Minor) at 17:45
Goalie Stats
Thatcher Demko (Vic), 27 saves from 33 shots - (0.818), L, 17-13-4, 60:00 minutes
Michael Hutchinson (Anc), 28 saves from 31 shots - (0.903), W, 19-8-6, 60:00 minutes
Players Stats for Demolitions
Player Name G A P +/- PIM S H SB GA TA FO MP PP MP PK MP
------------------------------------------------------------------------------------
Aaron Haydon 0 0 0 -1 0 0 0 0 0 0 0/0 3:07 0:00 0:00
Alex Hutchings 0 0 0 0 0 1 0 0 0 0 0/0 1:02 0:02 0:16
Andrej Nestrasil 0 0 0 -2 0 1 2 0 0 0 0/9 16:50 3:20 0:00
Brandon Saad 0 0 0 -2 0 3 1 1 0 0 0/1 19:32 3:20 2:42
Christoph Bertschy 0 0 0 -1 0 2 0 0 0 2 4/6 10:44 0:00 0:10
Colton Gillies 0 1 1 0 2 0 1 0 0 0 1/1 7:20 0:00 0:00
J.T. Brown 0 2 2 0 4 7 1 0 0 0 0/1 21:31 4:50 0:32
Jaedon Descheneau 0 0 0 0 0 0 0 0 0 0 0/0 0:00 0:00 0:00
Jared Staal 0 0 0 -1 0 0 1 1 0 0 0/0 10:34 0:00 0:00
Jeremy Roy 0 0 0 -1 0 1 1 0 0 0 0/0 13:02 0:00 0:00
Joel Vermin 0 0 0 -2 0 0 0 0 0 0 0/0 16:50 3:20 0:00
Joshua Leivo 0 0 0 -1 0 5 1 1 0 1 0/1 10:34 0:00 0:00
Juuso Riikola 0 0 0 -2 0 0 1 1 0 0 0/0 18:49 3:03 1:21
Michael Ferland 1 0 1 0 0 2 0 0 0 0 0/0 6:49 0:00 0:00
Michael Prapavessis 0 0 0 -1 0 0 0 2 0 0 0/0 13:02 0:00 0:00
Mitch Callahan 0 1 1 0 0 1 1 0 0 0 0/0 6:49 0:00 0:00
Nikita Tryamkin 0 0 0 1 0 0 0 1 0 1 0/0 25:02 5:09 2:43
Phil McRae 1 0 1 0 0 2 5 1 0 0 13/35 22:03 4:50 1:06
Seth Helgeson 0 0 0 0 0 1 2 0 1 1 0/0 28:09 5:09 2:43
Taylor Beck 1 1 2 0 0 5 2 0 0 2 8/11 23:49 4:52 2:42
Taylor Leier 0 0 0 0 0 0 0 0 0 0 0/0 1:16 0:00 0:40
Thomas DiPauli 0 0 0 0 0 0 0 0 0 0 0/0 0:00 0:00 0:00
Tommy Vannelli 0 0 0 -2 0 0 2 0 0 0 0/0 18:49 3:03 1:21
Tyler Graovac 0 0 0 0 0 0 0 0 0 0 0/0 0:10 0:02 0:00
Players Stats for Inferno
Player Name G A P +/- PIM S H SB GA TA FO MP PP MP PK MP
------------------------------------------------------------------------------------
Barclay Goodrow 0 0 0 1 0 0 0 0 0 0 0/0 8:16 0:00 0:00
Bryan Rust 0 0 0 0 0 3 0 0 0 0 0/0 20:06 2:35 1:04
Chris Brown 0 0 0 0 0 0 0 0 0 0 0/0 2:07 0:00 1:31
Colby Cohen 0 0 0 0 0 1 1 2 0 0 0/0 13:20 0:00 3:16
David Savard 0 0 0 2 0 1 2 3 1 1 0/0 25:02 2:39 4:05
Eric Karlsson 0 0 0 0 0 0 0 0 0 0 0/0 2:51 0:00 2:51
Esa Lindell 0 2 2 2 2 1 1 0 0 0 0/0 24:01 2:39 3:05
Evgeny Svechnikov 0 0 0 -2 0 1 0 0 0 0 0/0 9:03 0:00 0:00
Frank Corrado 0 0 0 0 0 0 2 1 0 0 0/0 11:22 0:17 0:36
Greg Pateryn 0 0 0 0 2 2 0 1 0 0 0/0 11:06 0:36 1:15
Jake DeBrusk 0 0 0 -2 0 3 1 0 0 0 0/0 12:16 0:00 2:43
John Gilmour 0 0 0 0 0 0 0 0 0 0 0/0 5:57 0:00 0:00
Kevin Labanc 1 3 4 4 0 5 1 0 0 0 0/0 14:51 1:29 0:00
Mathieu Brodeur 0 0 0 1 0 0 0 1 0 0 0/0 18:57 1:25 4:07
Matthew Nieto 0 2 2 4 0 2 3 1 2 0 0/0 15:25 1:29 0:28
Peter Cehlarik 0 0 0 1 0 1 0 0 0 0 0/0 8:16 0:00 0:00
Petteri Lindbohm 0 0 0 1 0 0 0 0 0 0 0/0 4:46 0:32 0:00
Philip Varone 3 1 4 4 0 7 1 0 0 0 12/12 15:55 1:29 1:04
Ryan Donato 0 0 0 0 0 0 0 0 0 0 0/0 0:00 0:00 0:00
Ryan Spooner 1 0 1 1 0 2 1 0 1 0 2/3 8:16 0:00 0:00
Tanner Pearson 0 0 0 0 0 2 0 2 0 0 8/12 23:34 2:35 4:32
Trevor Carrick 0 0 0 0 0 0 0 0 0 0 0/0 5:57 0:00 0:00
Tyler Shattock 0 0 0 0 0 0 0 0 0 0 0/0 0:00 0:00 0:00
Victor Rask 0 1 1 -2 2 0 1 0 1 0 0/2 9:02 0:00 0:00
Vladimir Sobotka 1 0 1 0 2 2 3 3 2 0 17/36 21:18 2:35 2:11
3 Stars
1 - Philip Varone (Anc)
2 - Kevin Labanc (Anc)
3 - Matthew Nieto (Anc)
Power Play
Demolitions - 1 on 5 Attempt(s) - 20.00%
Inferno - 1 on 3 Attempt(s) - 33.33%
Penalty Kill
Demolitions - 2 on 3 Attempt(s) - 66.67%
- Score 0 goal in Penalty Kill
Inferno - 4 on 5 Attempt(s) - 80.00%
- Score 0 goal in Penalty Kill
Team Stat
Demolitions - Hits : 21 - Faceoff Wins : 26 - Blocked Shots : 8 - Penalty Minutes : 6
Inferno - Hits : 17 - Faceoff Wins : 39 - Blocked Shots : 14 - Penalty Minutes : 10
Official
Referees : Unknown
Linesman : Unknown
Game Notes
Greg Pateryn is injured at 19:16 of 2nd period (Sprained Right Finger)
Philip Varone has scored a Hat Trick!
Finance
Level 1 -- Attendance: 1354 (67.70%) -- Ticket Income $54,160
Level 2 -- Attendance: 698 (69.80%) -- Ticket Income $13,960
Total Attendance: 2052 (68.40%)
Total Ticket Income: $68,120
Other Income: $3,406
Total Income: $71,526
Demolitions
5 vs 5 Forward
Center Left Wing Right Wing Time % Phy DF OF
1 Phil McRae Taylor Beck J.T. Brown 40 1 2 2
2 Andrej Nestrasil Brandon Saad Joel Vermin 30 1 2 2
3 Christoph Bertschy Joshua Leivo Jared Staal 20 1 2 2
4 Colton Gillies Michael Ferland Mitch Callahan 10 1 2 2
5 vs 5 Defense
Defense Defense Time % Phy DF OF
1 Seth Helgeson Nikita Tryamkin 40 1 2 2
2 Juuso Riikola Tommy Vannelli 30 1 2 2
3 Michael Prapavessis Jeremy Roy 20 1 2 2
4 Aaron Haydon Seth Helgeson 10 1 2 2
PowerPlay Forward
Center Left Wing Right Wing Time % Phy DF OF
1 Phil McRae Taylor Beck J.T. Brown 60 1 2 2
2 Andrej Nestrasil Brandon Saad Joel Vermin 40 1 2 2
PowerPlay Defense
Defense Defense Time % Phy DF OF
1 Seth Helgeson Nikita Tryamkin 60 1 2 2
2 Juuso Riikola Tommy Vannelli 40 1 2 2
Penalty Kill 4 Players Forward
Center Wing Time % Phy DF OF
1 Taylor Beck Brandon Saad 60 1 2 2
2 J.T. Brown Phil McRae 40 1 2 2
Penalty Kill 4 Players Defense
Defense Defense Time % Phy DF OF
1 Seth Helgeson Nikita Tryamkin 60 1 2 2
2 Juuso Riikola Tommy Vannelli 40 1 2 2
Penalty Kill - 3 Players Forward
Forward Time % Phy DF OF
1 Taylor Beck 60 1 2 2
2 Brandon Saad 40 1 2 2
Penalty Kill - 3 Players Defense
Defense Defense Time % Phy DF OF
1 Seth Helgeson Nikita Tryamkin 60 1 2 2
2 Juuso Riikola Tommy Vannelli 40 1 2 2
4 vs 4 Forward
Center Wing Time % Phy DF OF
1 Taylor Beck Brandon Saad 60 1 2 2
2 J.T. Brown Phil McRae 40 1 2 2
4 vs 4 Defense
Defense Defense Time % Phy DF OF
1 Seth Helgeson Nikita Tryamkin 60 1 2 2
2 Juuso Riikola Tommy Vannelli 40 1 2 2
Last Minutes Offensive
Center Left Wing Right Wing Defense Defense
Phil McRae Taylor Beck J.T. Brown Seth Helgeson Nikita Tryamkin
Last Minutes Defensive
Center Left Wing Right Wing Defense Defense
Phil McRae Taylor Beck J.T. Brown Seth Helgeson Nikita Tryamkin
Goaltenders
Starting : Thatcher Demko
Backup : Brandon Halverson
Extra Forwards
Normal : Alex Hutchings, Tyler Graovac, Taylor Leier - PP : Alex Hutchings, Tyler Graovac - PK : Taylor Leier
Extra Defensemen
Normal : Michael Prapavessis, Jeremy Roy, Aaron Haydon - PP : Michael Prapavessis - PK : Jeremy Roy, Aaron Haydon
Penalty Shots
Taylor Beck, Brandon Saad, J.T. Brown, Phil McRae, Andrej Nestrasil
Scratches
Taylor Aronson (Healthy), Jake Paterson (Healthy)
Inferno
5 vs 5 Forward
Center Left Wing Right Wing Time % Phy DF OF
1 Vladimir Sobotka Tanner Pearson Bryan Rust 40 1 2 2
2 Philip Varone Matthew Nieto Kevin Labanc 30 1 2 2
3 Victor Rask Jake DeBrusk Evgeny Svechnikov 20 1 2 2
4 Ryan Spooner Peter Cehlarik Barclay Goodrow 10 1 2 2
5 vs 5 Defense
Defense Defense Time % Phy DF OF
1 David Savard Esa Lindell 40 1 2 2
2 Greg Pateryn Mathieu Brodeur 30 1 2 2
3 Colby Cohen Frank Corrado 20 1 2 2
4 Trevor Carrick John Gilmour 10 1 2 2
PowerPlay Forward
Center Left Wing Right Wing Time % Phy DF OF
1 Vladimir Sobotka Tanner Pearson Bryan Rust 60 1 2 2
2 Philip Varone Matthew Nieto Kevin Labanc 40 1 2 2
PowerPlay Defense
Defense Defense Time % Phy DF OF
1 David Savard Esa Lindell 60 1 2 2
2 Greg Pateryn Mathieu Brodeur 40 1 2 2
Penalty Kill 4 Players Forward
Center Wing Time % Phy DF OF
1 Tanner Pearson Vladimir Sobotka 60 1 2 2
2 Bryan Rust Philip Varone 40 1 2 2
Penalty Kill 4 Players Defense
Defense Defense Time % Phy DF OF
1 David Savard Esa Lindell 60 1 2 2
2 Greg Pateryn Mathieu Brodeur 40 1 2 2
Penalty Kill - 3 Players Forward
Forward Time % Phy DF OF
1 Tanner Pearson 60 1 2 2
2 Vladimir Sobotka 40 1 2 2
Penalty Kill - 3 Players Defense
Defense Defense Time % Phy DF OF
1 David Savard Esa Lindell 60 1 2 2
2 Greg Pateryn Mathieu Brodeur 40 1 2 2
4 vs 4 Forward
Center Wing Time % Phy DF OF
1 Tanner Pearson Vladimir Sobotka 60 1 2 2
2 Bryan Rust Philip Varone 40 1 2 2
4 vs 4 Defense
Defense Defense Time % Phy DF OF
1 David Savard Esa Lindell 60 1 2 2
2 Greg Pateryn Mathieu Brodeur 40 1 2 2
Last Minutes Offensive
Center Left Wing Right Wing Defense Defense
Vladimir Sobotka Tanner Pearson Bryan Rust David Savard Esa Lindell
Last Minutes Defensive
Center Left Wing Right Wing Defense Defense
Vladimir Sobotka Tanner Pearson Bryan Rust David Savard Esa Lindell
Goaltenders
Starting : Michael Hutchinson
Backup : Antti Raanta
Extra Forwards
Normal : Tyler Shattock, Chris Brown, Eric Karlsson - PP : Tyler Shattock, Chris Brown - PK : Eric Karlsson
Extra Defensemen
Normal : Petteri Lindbohm, Colby Cohen, Frank Corrado - PP : Petteri Lindbohm - PK : Colby Cohen, Frank Corrado
Penalty Shots
Tanner Pearson, Vladimir Sobotka, Bryan Rust, Philip Varone, Matthew Nieto
Scratches
Rasmus Andersson (Strained Left Knee Injury), Christian Jaros (Healthy), Alexander True (Healthy), Vladislav Kamenev (Healthy), Dominik Masin (Healthy)
Brandon Hickey (Healthy), Nathan Lieuwen (Healthy), Vitek Vanecek (Healthy)
% Time on Ice - Demolitions
Lines # - Real PCT - Wanted PCT - Time Play
Normal Forward
1 - 35% - 40% - 16:51
2 - 28% - 30% - 13:30
3 - 22% - 20% - 10:34
4 - 14% - 10% - 6:49
Normal Defense
1 - 36% - 40% - 17:10
2 - 30% - 30% - 14:25
3 - 27% - 20% - 13:02
4 - 7% - 10% - 3:07
PP Forward
1 - 59% - 60% - 4:52
2 - 41% - 40% - 3:20
PP Defense
1 - 63% - 60% - 5:09
2 - 37% - 40% - 3:03
PK Forward
1 - 73% - 60% - 2:58
2 - 27% - 40% - 1:06
PK Defense
1 - 67% - 60% - 2:43
2 - 33% - 40% - 1:21
PK3 Forward
1 - 0% - 60%
2 - 0% - 40%
PK3 Defense
1 - 0% - 60%
2 - 0% - 40%
44 Forward
1 - 0% - 60%
2 - 0% - 40%
44 Defense
1 - 0% - 60%
2 - 0% - 40%
Last Minute Offensive - 0:00
Last Minute Defensive - 0:00
Total
Forward - 60:00
Defense - 60:00
|
% Time on Ice - Inferno
Lines # - Real PCT - Wanted PCT - Time Play
Normal Forward
1 - 36% - 40% - 17:03
2 - 28% - 30% - 13:22
3 - 19% - 20% - 9:03
4 - 17% - 10% - 8:16
Normal Defense
1 - 38% - 40% - 18:18
2 - 28% - 30% - 13:25
3 - 21% - 20% - 10:04
4 - 12% - 10% - 5:57
PP Forward
1 - 64% - 60% - 2:35
2 - 36% - 40% - 1:29
PP Defense
1 - 65% - 60% - 2:39
2 - 35% - 40% - 1:25
PK Forward
1 - 87% - 60% - 7:08
2 - 13% - 40% - 1:04
PK Defense
1 - 50% - 60% - 4:05
2 - 50% - 40% - 4:07
PK3 Forward
1 - 0% - 60%
2 - 0% - 40%
PK3 Defense
1 - 0% - 60%
2 - 0% - 40%
44 Forward
1 - 0% - 60%
2 - 0% - 40%
44 Defense
1 - 0% - 60%
2 - 0% - 40%
Last Minute Offensive - 0:00
Last Minute Defensive - 0:00
Total
Forward - 60:00
Defense - 60:00
|
Play-by-Play
1st period
0:01 of 1st period - Tanner Pearson wins face-off versus Phil McRae in neutral zone.
0:06 of 1st period - Snap shot by Tanner Pearson.
0:06 of 1st period - Stopped by Thatcher Demko without a rebound.
0:07 of 1st period - Phil McRae wins face-off versus Vladimir Sobotka in Demolitions zone.
0:14 of 1st period - Slapshot by Taylor Beck.
0:14 of 1st period - Stopped by Michael Hutchinson with a rebound.
0:16 of 1st period - Slapshot by Nikita Tryamkin.
0:16 of 1st period - Shot Blocked by David Savard.
0:28 of 1st period - David Savard is hit by Taylor Beck and loses puck.
1:20 of 1st period - Vladimir Sobotka is hit by Seth Helgeson and loses puck.
1:31 of 1st period - Wrist shot by J.T. Brown.
1:31 of 1st period - Stopped by Michael Hutchinson without a rebound.
1:32 of 1st period - Philip Varone wins face-off versus Andrej Nestrasil in Inferno zone.
1:57 of 1st period - Jake DeBrusk is hit by Juuso Riikola and loses puck.
2:02 of 1st period - Wrist shot by Christoph Bertschy.
2:02 of 1st period - Stopped by Michael Hutchinson with a rebound.
2:16 of 1st period - Wrist shot by Barclay Goodrow.
2:16 of 1st period - Shot Misses the Net.
2:22 of 1st period - Wrist shot by Peter Cehlarik.
2:22 of 1st period - Stopped by Thatcher Demko with a rebound.
2:36 of 1st period - Joel Vermin is hit by Kevin Labanc.
2:52 of 1st period - Slapshot by Evgeny Svechnikov.
2:52 of 1st period - Shot Blocked by Jared Staal.
3:06 of 1st period - Seth Helgeson is hit by Ryan Spooner and loses puck.
4:33 of 1st period - Slapshot by Mitch Callahan.
4:33 of 1st period - Stopped by Michael Hutchinson without a rebound.
4:34 of 1st period - Vladimir Sobotka wins face-off versus Phil McRae in Inferno zone.
4:43 of 1st period - Nikita Tryamkin is hit by Vladimir Sobotka and loses puck.
4:56 of 1st period - Matthew Nieto is hit by Brandon Saad and loses puck.
5:47 of 1st period - Wrist shot by Barclay Goodrow.
5:47 of 1st period - Shot Misses the Net.
5:59 of 1st period - Bryan Rust is hit by Tommy Vannelli and loses puck.
7:14 of 1st period - Snap shot by Peter Cehlarik.
7:14 of 1st period - Shot Misses the Net.
7:24 of 1st period - Michael Ferland is hit by Frank Corrado and loses puck.
7:29 of 1st period - Slapshot by Tanner Pearson.
7:29 of 1st period - Deflect By Vladimir Sobotka.
7:29 of 1st period - Shot Misses the Net.
7:29 of 1st period - Puck is out of play.
7:30 of 1st period - Philip Varone wins face-off versus Andrej Nestrasil in Demolitions zone.
7:44 of 1st period - Off-side.
7:45 of 1st period - Phil McRae wins face-off versus Vladimir Sobotka in neutral zone.
7:50 of 1st period - Snap shot by J.T. Brown.
7:50 of 1st period - Stopped by Michael Hutchinson without a rebound.
7:51 of 1st period - Vladimir Sobotka wins face-off versus Phil McRae in Inferno zone.
8:28 of 1st period - Snap shot by Brandon Saad.
8:28 of 1st period - Shot Blocked by Mathieu Brodeur.
8:40 of 1st period - Mathieu Brodeur is hit by Joshua Leivo and loses puck.
9:05 of 1st period - Snap shot by Ryan Spooner.
9:05 of 1st period - Goal by Ryan Spooner - Demolitions : 0 - Inferno : 1.
9:06 of 1st period - Tanner Pearson wins face-off versus Phil McRae in neutral zone.
9:33 of 1st period - Slapshot by Jake DeBrusk.
9:33 of 1st period - Deflect By Evgeny Svechnikov.
9:33 of 1st period - Stopped by Thatcher Demko with a rebound.
9:35 of 1st period - Slapshot by Jake DeBrusk.
9:35 of 1st period - Stopped by Thatcher Demko without a rebound.
9:36 of 1st period - Phil McRae wins face-off versus Victor Rask in Demolitions zone.
10:02 of 1st period - Juuso Riikola is hit by Colby Cohen and loses puck.
10:11 of 1st period - Wrist shot by Brandon Saad.
10:11 of 1st period - Stopped by Michael Hutchinson without a rebound.
10:12 of 1st period - Phil McRae wins face-off versus Vladimir Sobotka in Inferno zone.
10:52 of 1st period - Snap shot by Philip Varone.
10:52 of 1st period - Stopped by Thatcher Demko with a rebound.
11:06 of 1st period - Michael Prapavessis is hit by Victor Rask and loses puck.
11:11 of 1st period - Wrist shot by Jake DeBrusk.
11:11 of 1st period - Stopped by Thatcher Demko with a rebound.
11:13 of 1st period - Snap shot by Jake DeBrusk.
11:13 of 1st period - Stopped by Thatcher Demko without a rebound.
11:14 of 1st period - Phil McRae wins face-off versus Vladimir Sobotka in Demolitions zone.
11:37 of 1st period - Minor Penalty to J.T. Brown for Tripping.
11:38 of 1st period - Taylor Beck wins face-off versus Vladimir Sobotka in Demolitions zone.
11:43 of 1st period - Wrist shot by Vladimir Sobotka.
11:43 of 1st period - Goal by Vladimir Sobotka - Demolitions : 0 - Inferno : 2.
11:44 of 1st period - Vladimir Sobotka wins face-off versus Andrej Nestrasil in neutral zone.
12:13 of 1st period - Icing by Philip Varone.
12:14 of 1st period - Philip Varone wins face-off versus Phil McRae in Inferno zone.
13:34 of 1st period - Wrist shot by Taylor Beck.
13:34 of 1st period - Stopped by Michael Hutchinson with a rebound.
13:36 of 1st period - Slapshot by Michael Prapavessis.
13:36 of 1st period - Shot Blocked by David Savard.
13:50 of 1st period - Snap shot by Colton Gillies.
13:50 of 1st period - Shot Misses the Net.
13:52 of 1st period - Slapshot by Colton Gillies.
13:52 of 1st period - Shot Misses the Net.
13:54 of 1st period - Wrist shot by Michael Ferland.
13:54 of 1st period - Shot Blocked by Matthew Nieto.
14:21 of 1st period - Brandon Saad is hit by Esa Lindell and loses puck.
14:34 of 1st period - Slapshot by Taylor Beck.
14:34 of 1st period - Shot Misses the Net.
14:40 of 1st period - Wrist shot by Taylor Beck.
14:40 of 1st period - Goal by Taylor Beck - Demolitions : 1 - Inferno : 2.
14:41 of 1st period - Tanner Pearson wins face-off versus Phil McRae in neutral zone.
15:10 of 1st period - Icing by Greg Pateryn.
15:11 of 1st period - Philip Varone wins face-off versus Brandon Saad in Inferno zone.
15:18 of 1st period - Snap shot by Kevin Labanc.
15:18 of 1st period - Shot Misses the Net.
15:58 of 1st period - Snap shot by Taylor Beck.
15:58 of 1st period - Shot Misses the Net.
17:03 of 1st period - Snap shot by Vladimir Sobotka.
17:03 of 1st period - Deflect By Bryan Rust.
17:03 of 1st period - Shot Blocked by Michael Prapavessis.
17:03 of 1st period - Puck is out of play.
17:04 of 1st period - Vladimir Sobotka wins face-off versus Phil McRae in Demolitions zone.
17:17 of 1st period - Slapshot by Tanner Pearson.
17:17 of 1st period - Shot Blocked by Juuso Riikola.
17:36 of 1st period - Snap shot by Philip Varone.
17:36 of 1st period - Stopped by Thatcher Demko with a rebound.
18:00 of 1st period - Slapshot by David Savard.
18:00 of 1st period - Deflect By Brandon Saad.
18:00 of 1st period - Stopped by Thatcher Demko without a rebound.
18:01 of 1st period - Vladimir Sobotka wins face-off versus Phil McRae in Demolitions zone.
18:16 of 1st period - Wrist shot by J.T. Brown.
18:16 of 1st period - Shot Blocked by Tanner Pearson.
18:47 of 1st period - Victor Rask is hit by Seth Helgeson and loses puck.
19:20 of 1st period - Wrist shot by Brandon Saad.
19:20 of 1st period - Stopped by Michael Hutchinson with a rebound.
Goals for this period are 1 for Demolitions vs 2 for Inferno.
Shots for this period are 9 for Demolitions vs 11 for Inferno.
2nd period
0:01 of 2nd period - Phil McRae wins face-off versus Vladimir Sobotka in neutral zone.
0:04 of 2nd period - Snap shot by J.T. Brown.
0:04 of 2nd period - Stopped by Michael Hutchinson with a rebound.
0:12 of 2nd period - Snap shot by Bryan Rust.
0:12 of 2nd period - Stopped by Thatcher Demko with a rebound.
0:14 of 2nd period - Slapshot by Greg Pateryn.
0:14 of 2nd period - Deflect By Taylor Beck.
0:14 of 2nd period - Stopped by Thatcher Demko with a rebound.
0:16 of 2nd period - Backhand shot by Tanner Pearson.
0:16 of 2nd period - Shot Blocked by Phil McRae.
0:28 of 2nd period - Snap shot by Victor Rask.
0:28 of 2nd period - Shot Misses the Net.
0:53 of 2nd period - Wrist shot by J.T. Brown.
0:53 of 2nd period - Stopped by Michael Hutchinson without a rebound.
0:54 of 2nd period - Christoph Bertschy wins face-off versus Vladimir Sobotka in Inferno zone.
1:03 of 2nd period - Wrist shot by Christoph Bertschy.
1:03 of 2nd period - Stopped by Michael Hutchinson without a rebound.
1:04 of 2nd period - Christoph Bertschy wins face-off versus Vladimir Sobotka in Inferno zone.
1:08 of 2nd period - Minor Penalty to Greg Pateryn for Hooking.
1:09 of 2nd period - Taylor Beck wins face-off versus Tanner Pearson in Inferno zone.
1:11 of 2nd period - Wrist shot by Phil McRae.
1:11 of 2nd period - Shot Misses the Net.
1:21 of 2nd period - Snap shot by J.T. Brown.
1:21 of 2nd period - Shot Misses the Net.
1:23 of 2nd period - Snap shot by Seth Helgeson.
1:23 of 2nd period - Shot Blocked by Tanner Pearson.
1:35 of 2nd period - Esa Lindell is hit by Andrej Nestrasil and loses puck.
2:42 of 2nd period - Brandon Saad is hit by Philip Varone and loses puck.
3:08 of 2nd period - Penalty to Greg Pateryn is over, Greg Pateryn is back on ice.
4:45 of 2nd period - Icing by Aaron Haydon.
4:46 of 2nd period - Philip Varone wins face-off versus Andrej Nestrasil in Demolitions zone.
4:51 of 2nd period - Snap shot by Philip Varone.
4:51 of 2nd period - Goal by Philip Varone - Demolitions : 1 - Inferno : 3.
4:52 of 2nd period - Phil McRae wins face-off versus Vladimir Sobotka in neutral zone.
5:01 of 2nd period - Snap shot by J.T. Brown.
5:01 of 2nd period - Shot Misses the Net.
5:03 of 2nd period - Slapshot by Taylor Beck.
5:03 of 2nd period - Shot Misses the Net.
5:05 of 2nd period - Slapshot by Nikita Tryamkin.
5:05 of 2nd period - Shot Blocked by David Savard.
5:07 of 2nd period - Wrist shot by J.T. Brown.
5:07 of 2nd period - Shot Misses the Net.
5:17 of 2nd period - Joel Vermin is hit by Matthew Nieto and loses puck.
6:51 of 2nd period - Snap shot by Tanner Pearson.
6:51 of 2nd period - Shot Misses the Net.
6:53 of 2nd period - Backhand shot by Tanner Pearson.
6:53 of 2nd period - Shot Misses the Net.
6:55 of 2nd period - Backhand shot by Tanner Pearson.
6:55 of 2nd period - Stopped by Thatcher Demko with a rebound.
6:57 of 2nd period - Wrist shot by Bryan Rust.
6:57 of 2nd period - Shot Misses the Net.
7:10 of 2nd period - Minor Penalty to Colton Gillies for Hooking.
7:11 of 2nd period - Vladimir Sobotka wins face-off versus Taylor Beck in Demolitions zone.
7:11 of 2nd period - Snap shot by Bryan Rust.
7:11 of 2nd period - Deflect By Tanner Pearson.
7:11 of 2nd period - Shot Misses the Net.
7:11 of 2nd period - Puck is out of play.
7:12 of 2nd period - Vladimir Sobotka wins face-off versus Taylor Beck in Demolitions zone.
7:13 of 2nd period - Slapshot by Esa Lindell.
7:13 of 2nd period - Deflect By Tanner Pearson.
7:13 of 2nd period - Shot Misses the Net.
7:13 of 2nd period - Puck is out of play.
7:14 of 2nd period - Vladimir Sobotka wins face-off versus Taylor Beck in Demolitions zone.
7:15 of 2nd period - Snap shot by Bryan Rust.
7:15 of 2nd period - Stopped by Thatcher Demko without a rebound.
7:16 of 2nd period - Taylor Beck wins face-off versus Tanner Pearson in Demolitions zone.
7:59 of 2nd period - Esa Lindell is hit by Phil McRae and loses puck.
8:14 of 2nd period - Slapshot by Esa Lindell.
8:14 of 2nd period - Stopped by Thatcher Demko without a rebound.
8:15 of 2nd period - Taylor Beck wins face-off versus Vladimir Sobotka in Demolitions zone.
9:10 of 2nd period - Penalty to Colton Gillies is over, Colton Gillies is back on ice.
9:41 of 2nd period - Wrist shot by Alex Hutchings.
9:41 of 2nd period - Stopped by Michael Hutchinson without a rebound.
9:42 of 2nd period - Philip Varone wins face-off versus Christoph Bertschy in Inferno zone.
9:42 of 2nd period - Philip Varone is hit by Tommy Vannelli.
9:52 of 2nd period - Wrist shot by Kevin Labanc.
9:52 of 2nd period - Stopped by Thatcher Demko with a rebound.
9:54 of 2nd period - Slapshot by Matthew Nieto.
9:54 of 2nd period - Stopped by Thatcher Demko with a rebound.
10:10 of 2nd period - Slapshot by Taylor Beck.
10:10 of 2nd period - Shot Misses the Net.
10:16 of 2nd period - Slapshot by J.T. Brown.
10:16 of 2nd period - Stopped by Michael Hutchinson without a rebound.
10:17 of 2nd period - Philip Varone wins face-off versus Andrej Nestrasil in Inferno zone.
10:31 of 2nd period - Off-side.
10:32 of 2nd period - Vladimir Sobotka wins face-off versus Phil McRae in neutral zone.
10:37 of 2nd period - Slapshot by Esa Lindell.
10:37 of 2nd period - Shot Misses the Net.
11:16 of 2nd period - Evgeny Svechnikov is hit by Mitch Callahan and loses puck.
11:21 of 2nd period - Wrist shot by Colton Gillies.
11:21 of 2nd period - Shot Misses the Net.
11:23 of 2nd period - Snap shot by Michael Ferland.
11:23 of 2nd period - Goal by Michael Ferland - Demolitions : 2 - Inferno : 3.
11:24 of 2nd period - Vladimir Sobotka wins face-off versus Phil McRae in neutral zone.
11:27 of 2nd period - Snap shot by Greg Pateryn.
11:27 of 2nd period - Stopped by Thatcher Demko with a rebound.
11:29 of 2nd period - Slapshot by Tanner Pearson.
11:29 of 2nd period - Deflect By Bryan Rust.
11:29 of 2nd period - Shot Blocked by Nikita Tryamkin.
11:29 of 2nd period - Puck is out of play.
11:30 of 2nd period - Vladimir Sobotka wins face-off versus Phil McRae in Demolitions zone.
12:45 of 2nd period - Off-side.
12:46 of 2nd period - Philip Varone wins face-off versus Andrej Nestrasil in neutral zone.
12:50 of 2nd period - Slapshot by David Savard.
12:50 of 2nd period - Shot Blocked by Brandon Saad.
12:52 of 2nd period - Snap shot by Kevin Labanc.
12:52 of 2nd period - Shot Misses the Net.
12:54 of 2nd period - Wrist shot by Philip Varone.
12:54 of 2nd period - Stopped by Thatcher Demko with a rebound.
13:28 of 2nd period - Icing by Jared Staal.
13:29 of 2nd period - Colton Gillies wins face-off versus Ryan Spooner in Demolitions zone.
13:38 of 2nd period - Wrist shot by Michael Ferland.
13:38 of 2nd period - Shot Blocked by Colby Cohen.
13:40 of 2nd period - Slapshot by Mitch Callahan.
13:40 of 2nd period - Deflect By Michael Ferland.
13:40 of 2nd period - Stopped by Michael Hutchinson without a rebound.
13:41 of 2nd period - Philip Varone wins face-off versus Andrej Nestrasil in Inferno zone.
13:52 of 2nd period - Slapshot by Kevin Labanc.
13:52 of 2nd period - Stopped by Thatcher Demko with a rebound.
14:06 of 2nd period - Christoph Bertschy is hit by David Savard and loses puck.
14:23 of 2nd period - Minor Penalty to Victor Rask for Roughing.
14:24 of 2nd period - Phil McRae wins face-off versus Tanner Pearson in Inferno zone.
14:37 of 2nd period - Slapshot by Taylor Beck.
14:37 of 2nd period - Shot Misses the Net.
14:39 of 2nd period - Snap shot by Phil McRae.
14:39 of 2nd period - Goal by Phil McRae - Demolitions : 3 - Inferno : 3.
14:40 of 2nd period - Vladimir Sobotka wins face-off versus Andrej Nestrasil in neutral zone.
14:55 of 2nd period - Snap shot by Vladimir Sobotka.
14:55 of 2nd period - Shot Misses the Net.
15:14 of 2nd period - Backhand shot by Philip Varone.
15:14 of 2nd period - Deflect By Taylor Beck.
15:14 of 2nd period - Goal by Philip Varone - Demolitions : 3 - Inferno : 4.
15:15 of 2nd period - Phil McRae wins face-off versus Vladimir Sobotka in neutral zone.
15:18 of 2nd period - Slapshot by Seth Helgeson.
15:18 of 2nd period - Stopped by Michael Hutchinson with a rebound.
15:24 of 2nd period - Snap shot by J.T. Brown.
15:24 of 2nd period - Shot Misses the Net.
15:26 of 2nd period - Minor Penalty to Esa Lindell for Cross-checking.
15:27 of 2nd period - Tanner Pearson wins face-off versus Phil McRae in Inferno zone.
17:26 of 2nd period - Penalty to Esa Lindell is over, Esa Lindell is back on ice.
17:48 of 2nd period - Icing by Christoph Bertschy.
17:49 of 2nd period - Philip Varone wins face-off versus Christoph Bertschy in Demolitions zone.
17:52 of 2nd period - Snap shot by Philip Varone.
17:52 of 2nd period - Stopped by Thatcher Demko with a rebound.
17:54 of 2nd period - Snap shot by Kevin Labanc.
17:54 of 2nd period - Goal by Kevin Labanc - Demolitions : 3 - Inferno : 5.
17:55 of 2nd period - Vladimir Sobotka wins face-off versus Phil McRae in neutral zone.
18:02 of 2nd period - Slapshot by Vladimir Sobotka.
18:02 of 2nd period - Shot Misses the Net.
19:12 of 2nd period - Off-side.
19:13 of 2nd period - Phil McRae wins face-off versus Vladimir Sobotka in neutral zone.
19:16 of 2nd period - Slapshot by J.T. Brown.
19:16 of 2nd period - Shot Blocked by Greg Pateryn.
19:16 of 2nd period - Greg Pateryn from Inferno is injured at 19:16 of 2nd period (Sprained Right Finger).
19:17 of 2nd period - Phil McRae wins face-off versus Vladimir Sobotka in Inferno zone.
19:18 of 2nd period - Wrist shot by J.T. Brown.
19:18 of 2nd period - Shot Blocked by Vladimir Sobotka.
19:20 of 2nd period - Wrist shot by J.T. Brown.
19:20 of 2nd period - Shot Misses the Net.
19:22 of 2nd period - Snap shot by Taylor Beck.
19:22 of 2nd period - Stopped by Michael Hutchinson with a rebound.
19:31 of 2nd period - Minor Penalty to J.T. Brown for Tripping.
19:32 of 2nd period - Taylor Beck wins face-off versus Vladimir Sobotka in Demolitions zone.
19:32 of 2nd period - Taylor Beck is hit by David Savard.
19:41 of 2nd period - Slapshot by Esa Lindell.
19:41 of 2nd period - Deflect By Vladimir Sobotka.
19:41 of 2nd period - Stopped by Thatcher Demko without a rebound.
19:42 of 2nd period - Taylor Beck wins face-off versus Vladimir Sobotka in Demolitions zone.
Goals for this period are 2 for Demolitions vs 3 for Inferno.
Shots for this period are 10 for Demolitions vs 15 for Inferno.
3rd period
0:01 of 3rd period - Taylor Beck wins face-off versus Vladimir Sobotka in neutral zone.
0:04 of 3rd period - Snap shot by Brandon Saad.
0:04 of 3rd period - Stopped by Michael Hutchinson with a rebound.
0:10 of 3rd period - Wrist shot by Bryan Rust.
0:10 of 3rd period - Shot Misses the Net.
1:31 of 3rd period - Penalty to J.T. Brown is over, J.T. Brown is back on ice.
1:44 of 3rd period - Snap shot by Mitch Callahan.
1:44 of 3rd period - Shot Blocked by Frank Corrado.
2:02 of 3rd period - Barclay Goodrow is hit by Jeremy Roy and loses puck.
2:11 of 3rd period - Slapshot by Joshua Leivo.
2:11 of 3rd period - Stopped by Michael Hutchinson with a rebound.
2:13 of 3rd period - Snap shot by Christoph Bertschy.
2:13 of 3rd period - Shot Hit the Post.
2:39 of 3rd period - Snap shot by J.T. Brown.
2:39 of 3rd period - Shot Blocked by Vladimir Sobotka.
2:53 of 3rd period - Juuso Riikola is hit by Matthew Nieto and loses puck.
3:06 of 3rd period - Slapshot by Esa Lindell.
3:06 of 3rd period - Shot Blocked by Joshua Leivo.
3:12 of 3rd period - Esa Lindell is hit by Jared Staal.
4:16 of 3rd period - Slapshot by Joshua Leivo.
4:16 of 3rd period - Stopped by Michael Hutchinson without a rebound.
4:16 of 3rd period - Minor Penalty to Michael Hutchinson for Slashing.
4:17 of 3rd period - Tanner Pearson wins face-off versus Phil McRae in Inferno zone.
4:24 of 3rd period - Wrist shot by Taylor Beck.
4:24 of 3rd period - Stopped by Michael Hutchinson without a rebound.
4:25 of 3rd period - Tanner Pearson wins face-off versus Phil McRae in Inferno zone.
4:38 of 3rd period - Snap shot by Nikita Tryamkin.
4:38 of 3rd period - Shot Blocked by Colby Cohen.
4:40 of 3rd period - Wrist shot by Taylor Beck.
4:40 of 3rd period - Deflect By Phil McRae.
4:40 of 3rd period - Stopped by Michael Hutchinson without a rebound.
4:41 of 3rd period - Tanner Pearson wins face-off versus Phil McRae in Inferno zone.
4:41 of 3rd period - Tanner Pearson is hit by Phil McRae.
6:16 of 3rd period - Penalty to Vladimir Sobotka is over, Vladimir Sobotka is back on ice.
6:29 of 3rd period - Wrist shot by Ryan Spooner.
6:29 of 3rd period - Stopped by Thatcher Demko without a rebound.
6:30 of 3rd period - Ryan Spooner wins face-off versus Joshua Leivo in Demolitions zone.
6:41 of 3rd period - Snap shot by Ryan Spooner.
6:41 of 3rd period - Deflect By Barclay Goodrow.
6:41 of 3rd period - Shot Blocked by Michael Prapavessis.
6:41 of 3rd period - Puck is out of play.
6:42 of 3rd period - Taylor Beck wins face-off versus Vladimir Sobotka in Demolitions zone.
6:55 of 3rd period - Wrist shot by Vladimir Sobotka.
6:55 of 3rd period - Shot Misses the Net.
7:31 of 3rd period - Slapshot by Seth Helgeson.
7:31 of 3rd period - Deflect By Christoph Bertschy.
7:31 of 3rd period - Shot Misses the Net.
7:31 of 3rd period - Puck is out of play.
7:32 of 3rd period - Christoph Bertschy wins face-off versus Victor Rask in Inferno zone.
7:33 of 3rd period - Snap shot by Joshua Leivo.
7:33 of 3rd period - Stopped by Michael Hutchinson without a rebound.
7:34 of 3rd period - Christoph Bertschy wins face-off versus Vladimir Sobotka in Inferno zone.
7:41 of 3rd period - Slapshot by Joshua Leivo.
7:41 of 3rd period - Stopped by Michael Hutchinson without a rebound.
7:42 of 3rd period - Vladimir Sobotka wins face-off versus Phil McRae in Inferno zone.
7:42 of 3rd period - Vladimir Sobotka is hit by J.T. Brown.
7:50 of 3rd period - Snap shot by Tanner Pearson.
7:50 of 3rd period - Shot Hit the Post.
7:52 of 3rd period - Snap shot by Bryan Rust.
7:52 of 3rd period - Deflect By Phil McRae.
7:52 of 3rd period - Stopped by Thatcher Demko without a rebound.
7:53 of 3rd period - Vladimir Sobotka wins face-off versus Phil McRae in Demolitions zone.
8:06 of 3rd period - David Savard is hit by Phil McRae and loses puck.
9:42 of 3rd period - Bryan Rust is hit by Andrej Nestrasil and loses puck.
10:23 of 3rd period - Jake DeBrusk is hit by Colton Gillies and loses puck.
10:34 of 3rd period - Slapshot by Mitch Callahan.
10:34 of 3rd period - Shot Misses the Net.
10:44 of 3rd period - Slapshot by J.T. Brown.
10:44 of 3rd period - Stopped by Michael Hutchinson without a rebound.
10:45 of 3rd period - Ryan Spooner wins face-off versus Phil McRae in Inferno zone.
10:45 of 3rd period - Ryan Spooner is hit by Phil McRae.
12:03 of 3rd period - Snap shot by Michael Ferland.
12:03 of 3rd period - Deflect By Mitch Callahan.
12:03 of 3rd period - Shot Misses the Net.
12:03 of 3rd period - Puck is out of play.
12:04 of 3rd period - Philip Varone wins face-off versus Phil McRae in Inferno zone.
12:16 of 3rd period - Snap shot by Taylor Beck.
12:16 of 3rd period - Deflect By J.T. Brown.
12:16 of 3rd period - Deflect By Philip Varone.
12:16 of 3rd period - Stopped by Michael Hutchinson with a rebound.
12:32 of 3rd period - Wrist shot by Joshua Leivo.
12:32 of 3rd period - Stopped by Michael Hutchinson with a rebound.
12:49 of 3rd period - Snap shot by Kevin Labanc.
12:49 of 3rd period - Shot Misses the Net.
12:51 of 3rd period - Slapshot by Mathieu Brodeur.
12:51 of 3rd period - Shot Misses the Net.
12:59 of 3rd period - Snap shot by Kevin Labanc.
12:59 of 3rd period - Deflect By Michael Prapavessis.
12:59 of 3rd period - Stopped by Thatcher Demko with a rebound.
13:19 of 3rd period - Snap shot by Kevin Labanc.
13:19 of 3rd period - Stopped by Thatcher Demko with a rebound.
13:21 of 3rd period - Wrist shot by Philip Varone.
13:21 of 3rd period - Shot Misses the Net.
13:23 of 3rd period - Snap shot by Philip Varone.
13:23 of 3rd period - Goal by Philip Varone - Demolitions : 3 - Inferno : 6.
13:24 of 3rd period - Vladimir Sobotka wins face-off versus Phil McRae in neutral zone.
13:36 of 3rd period - J.T. Brown is hit by Vladimir Sobotka and loses puck.
13:54 of 3rd period - Andrej Nestrasil is hit by Jake DeBrusk and loses puck.
14:13 of 3rd period - Jared Staal is hit by Frank Corrado and loses puck.
14:34 of 3rd period - Snap shot by Tommy Vannelli.
14:34 of 3rd period - Shot Blocked by Vladimir Sobotka.
15:11 of 3rd period - Off-side.
15:12 of 3rd period - Philip Varone wins face-off versus Andrej Nestrasil in neutral zone.
15:23 of 3rd period - Wrist shot by Brandon Saad.
15:23 of 3rd period - Shot Misses the Net.
15:25 of 3rd period - Snap shot by Jeremy Roy.
15:25 of 3rd period - Stopped by Michael Hutchinson without a rebound.
15:26 of 3rd period - Vladimir Sobotka wins face-off versus J.T. Brown in Inferno zone.
15:26 of 3rd period - Vladimir Sobotka is hit by Phil McRae.
16:13 of 3rd period - Snap shot by Mitch Callahan.
16:13 of 3rd period - Shot Hit the Post.
16:19 of 3rd period - Juuso Riikola is hit by Matthew Nieto and loses puck.
16:28 of 3rd period - Wrist shot by Matthew Nieto.
16:28 of 3rd period - Stopped by Thatcher Demko with a rebound.
16:30 of 3rd period - Slapshot by Colby Cohen.
16:30 of 3rd period - Stopped by Thatcher Demko without a rebound.
16:31 of 3rd period - Phil McRae wins face-off versus Vladimir Sobotka in Demolitions zone.
16:41 of 3rd period - J.T. Brown is hit by Vladimir Sobotka and loses puck.
17:45 of 3rd period - Minor Penalty to Vladimir Sobotka for Slashing.
17:46 of 3rd period - Tanner Pearson wins face-off versus Phil McRae in Inferno zone.
17:59 of 3rd period - Off-side.
18:00 of 3rd period - Phil McRae wins face-off versus Tanner Pearson in neutral zone.
18:40 of 3rd period - Wrist shot by Andrej Nestrasil.
18:40 of 3rd period - Stopped by Michael Hutchinson with a rebound.
19:40 of 3rd period - Mathieu Brodeur is hit by Taylor Beck.
19:45 of 3rd period - Penalty to Vladimir Sobotka is over, Vladimir Sobotka is back on ice.
Goals for this period are 0 for Demolitions vs 1 for Inferno.
Shots for this period are 12 for Demolitions vs 7 for Inferno.